 Dungeon Crawl Stone Soup version 0.28.0-53-g5a82cb258f (webtiles) character file.

Game seed: 14659574859126541263

192 Legadrian the Skirmisher (level 5, -5/47 HPs)
             Began as a Minotaur Berserker on June 22, 2022.
             Was a Believer of Trog.
             Killed from afar by an orc wizard (9 damage)
             ... with a puff of flame
             ... on level 4 of the Dungeon.
             The game lasted 00:10:46 (4051 turns).

Legadrian the Skirmisher (Minotaur Berserker)       Turns: 4051, Time: 00:10:46

Health: -5/47      AC:  3    Str: 23    XL:     5   Next: 42%
Magic:  4/4        EV: 13    Int:  4    God:    Trog [**....]
Gold:   192        SH:  0    Dex: 10    Spells: 4/4 levels left

rFire   x . .      SeeInvis .     - Unarmed
rCold   + . .      Faith    .   (no shield)
rNeg    . . .      Spirit   .   a - +0 animal skin
rPois   .          Reflect  .   (helmet restricted)
rElec   .          Harm     .   (no cloak)
rCorr   .          Rampage  .   (no gloves)
Will    .....                   l - +0 pair of boots
Stlth   +.........              f - amulet of the acrobat
HPRegen 0.15/turn               b - ring of ice
MPRegen 0.09/turn               (no ring)

@: mighty
A: horns 2, retaliatory headbutt
a: Renounce Religion, Berserk, Trog's Hand


You were on level 4 of the Dungeon.
You worshipped Trog.
Trog was pleased with you.
You visited 2 branches of the dungeon, and saw 5 of its levels.

You collected 192 gold pieces.

Inventory:

Hand Weapons
 d - a +1 dagger of protection
Missiles
 e - 9 poisoned darts (quivered)
 m - a throwing net
Armour
 a - a +0 animal skin (worn)
 g - a +0 ring mail
 l - a +0 pair of boots (worn)
Jewellery
 b - a ring of ice (left hand)
 f - an amulet of the acrobat (around neck)
 j - an amulet of guardian spirit
 r - a ring of poison resistance
Wands
 s - a wand of acid (4)
Scrolls
 c - a scroll of immolation
 i - 3 scrolls of teleportation
 k - a scroll of noise
 n - a scroll of magic mapping
 p - a scroll of enchant armour {unknown}
 q - a scroll of enchant weapon {unknown}
Potions
 h - a potion of flight


   Skills:
 + Level 4.8 Fighting
 - Level 2.4 Armour
 + Level 4.6 Dodging
 + Level 4.4 Unarmed Combat


You had 4 spell levels left.
You didn't know any spells.
Your spell library was empty.

Dungeon Overview and Level Annotations

Branches:
Dungeon (4/15)             Temple (1/1) D:4

Altars:
Ashenzari
Wu Jian


Innate Abilities, Weirdness & Mutations

You have a pair of horns on your head.
You reflexively headbutt those who attack you in melee.


Message History

You closely miss something. You punch something.
You hear some strange, mumbled words.
Something tries to affect you, but you resist.
You miss something. Something hits you.
You miss something. Something hits you but does no damage.
You closely miss something. Something hits you.
You closely miss something. Your headbutt misses something.
Something hits you but does no damage.
It was a potion of might.
You feel very mighty all of a sudden.
You hear some strange, mumbled words.
A magic dart appears from out of thin air!
The magic dart hits you.
You miss something. Something hits you.
* * * LOW HITPOINT WARNING * * *
You barely miss something. Your headbutt misses something. Something hits you.
* * * LOW HITPOINT WARNING * * *
You miss something. Your headbutt misses something. Something hits you.
* * * LOW HITPOINT WARNING * * *
You closely miss something. Your headbutt misses something.
Something hits you but does no damage.
You closely miss something. Your headbutt misses something. Something hits you.
* * * LOW HITPOINT WARNING * * *
The orc wizard mumbles some strange words.
The orc wizard flickers and vanishes!
You start resting.
Something barely misses you.
You start resting.
Something hits you.
* * * LOW HITPOINT WARNING * * *
You hear some strange, mumbled words.
A puff of flame appears from out of thin air!
The puff of flame hits you. The fire burns you terribly!
* * * LOW HITPOINT WARNING * * *
Something closely misses you.
An orc wizard appears from thin air!
Reactivating autopickup.
You completely miss the orc wizard.
The orc wizard is heavily wounded.
The orc wizard casts a spell at you. The puff of flame hits you!
The fire burns you terribly!
You die...

#......)....................
#........................#.#
#.........................##
#................<.......##.
............#.####.#......#..
##..........#.####.#.....#...
................#.#......(..
##.....#####.##.#.......####
#.o@...........#####
#{##............##..
#.#####.###......... #.#
#.............
#.#####..##.........
#.##.....##.........
#.##.....##.....(...
#.##.....##########.
####.##.....####....##.


You could see an orc wizard.

Vanquished Creatures
  4 gnolls (D:2)
  A howler monkey skeleton (D:4)
  6 adders
  An adder skeleton (D:4)
  3 worms
  2 dart slugs
  2 orcs (D:4)
  11 ball pythons
  3 endoplasms
  2 giant cockroaches (D:1)
  6 hobgoblins
  7 jackals (D:2)
  2 quokkas (D:2)
  3 bats
  4 frilled lizards
  5 goblins
  5 kobolds
  9 rats
76 creatures vanquished.

Notes
Turn   | Place    | Note
-------+----------+-------------------------------------------
     0 | D:1      | Legadrian the Minotaur Berserker began the quest for the
                  | Orb.
     0 | D:1      | Reached XP level 1. HP: 19/19 MP: 0/0
   554 | D:1      | Reached XP level 2. HP: 21/27 MP: 1/1
  1311 | D:2      | Reached XP level 3. HP: 34/34 MP: 2/2
  1323 | D:2      | Reached ** piety under Trog
  1631 | D:2      | Found a faded altar of an unknown god.
  1749 | D:2      | Reached XP level 4. HP: 30/41 MP: 3/3
  2564 | D:3      | Reached XP level 5. HP: 35/47 MP: 4/4
  3519 | D:4      | Found a broken altar of Ashenzari.
  3749 | D:4      | Found a staircase to the Ecumenical Temple.
  3771 | Temple   | Entered the Ecumenical Temple
  3921 | D:4      | Found an ornate altar of the Wu Jian Council.
  4051 | D:4      | Killed from afar by an orc wizard

Illustrated notes

Levels and vault maps discovered:
D:1:      lightli_arrival_isolated_outpost, layout_basic,
          minmay_misc_feat_four_crosses, minmay_shallow_snake_nest
D:2:      minmay_spotlight, layout_basic,
          shapermc_ecumenical_altar_mp_ritualfount, minmay_misc_feat_hallway
D:3:      layout_basic, serial_co_window_serial, co_window_paths_a,
          co_window_of_opportunity_a, co_window_paths_a, co_window_paths_b,
          co_window_corner_a, co_window_of_opportunity_a, co_window_paths_a,
          co_window_corner_a, co_window_paths_a, co_window_corner_ca,
          co_window_unsneaky_path_a, co_window_broadway_b, co_window_2corner,
          glass_columns_a, glass_columns_c, glass_columns_a, glass_columns_a,
          glass_columns_b, skrybe_limestone_x, hangedman_abyss_or_decor_stabs
D:4:      layout_basic, mainiacjoe_overflow_cross_hatched,
          nicolae_wu_jian_wuxing_cycle, minmay_temple_entry_wispy,
          kennysheep_cross_room, nicolae_elevator_lobby_plus
Temple:   nicolae_temple_figure_eight

Skill      XL: |  1  2  3  4 |
---------------+-------------+-----
Fighting       | 4 |  4.8
Unarmed Combat | 4 |  4.4
Dodging        | 3 4 |  4.6
Armour         | |  2.4

Action                   |  1- 3 |  4- 6 || total
-------------------------+-------+-------++-------
Melee: Unarmed           |    72 |   102 ||   174
       Headbutt          |    13 |    12 ||    25
       Dagger            |     3 |       ||     3
       Punch             |     1 |     1 ||     2
Invok: Berserk           |       |     1 ||     1
  Use: Scroll            |     3 |     3 ||     6
       Potion            |       |     1 ||     1
Armor: Animal skin       |     9 |    10 ||    19
Dodge: Dodged            |    46 |    70 ||   116
